[Event "Team 45 45 League T88"]
[Site "Internet Chess Club"]
[Date "2021.05.16"]
[Round "6"]
[White "GoIrish"]
[Black "vhuffst"]
[Result "1/2-1/2"]
[WhiteElo "1483"]
[BlackElo "1390"]
[Opening "Réti v Dutch"]
[ECO "A04"]
[Time "18:01:28"]
[TimeControl "2700+45"]

1. Nf3 f5 2. d3 Nc6 3. e4 e5 4. exf5 d5 5. Nc3 Bxf5 6. Qe2 Bb4 7. Nxe5 Nge7 8.
Nxc6 bxc6 9. a3 Bxc3+ 10. bxc3 O-O 11. Be3 Qd6 12. g3 Ng6 13. Bg2 Rfe8 14. O-O
a6 15. Qd2 Rab8 16. a4 Qd7 17. Bc5 Bh3 18. Rae1 Bxg2 19. Rxe8+ Rxe8 20. Kxg2
Nh4+ 21. gxh4 {Game drawn by mutual agreement} 1/2-1/2

[Event "Team 45 45 League T88"]
[Site "Internet Chess Club"]
[Date "2021.05.15"]
[Round "6"]
[White "marioseixas1992"]
[Black "seattleblues"]
[Result "1-0"]
[WhiteElo "1334"]
[BlackElo "1312"]
[Opening "Caro-Kann: advance variation"]
[ECO "B12"]
[Time "06:02:51"]
[TimeControl "2700+45"]

1. e4 c6 2. d4 d5 3. e5 Bf5 4. h4 h6 5. g4 Bh7 6. c4 e6 7. Nc3 Nd7 8. Nge2 c5 9.
cxd5 cxd4 10. Qxd4 Bc5 11. Qf4 exd5 12. Nxd5 Ne7 13. e6 Ne5 14. exf7+ Kf8 15.
Qxe5 Qxd5 16. Qc3 a5 17. a3 b6 18. Bxh6 Qxf7 19. Be3 Rc8 20. Bxc5 Rxc5 21. Qg3
Be4 22. Bg2 Qd5 23. Qf4+ Bf5 24. Bxd5 {Black resigns} 1-0

[Event "Team 45 45 League T88"]
[Site "Internet Chess Club"]
[Date "2021.05.15"]
[Round "6"]
[White "handsomematch"]
[Black "Draconian"]
[Result "0-1"]
[WhiteElo "1407"]
[BlackElo "1743"]
[Opening "Sicilian: Labourdonnais-Löwenthal variation"]
[ECO "B32"]
[Time "13:01:14"]
[TimeControl "2700+45"]

1. e4 c5 2. Nf3 Nc6 3. d4 cxd4 4. Nxd4 e5 5. Nxc6 bxc6 6. Nc3 Nf6 7. f3 Bb4 8.
Qd3 O-O 9. a3 Be7 10. Be2 d5 11. O-O a5 12. Bg5 Ba6 13. Qd2 Bxe2 14. Qxe2 Qb6+
15. Kh1 Qxb2 16. Qd2 d4 17. Rfb1 Qxc3 18. Qxc3 dxc3 19. Rb3 Bc5 20. Rd1 Bd4 21.
Rdb1 Nd7 22. Be7 Rfb8 23. Bd6 Rxb3 24. Rxb3 Rc8 25. Rb7 Nc5 26. Re7 Ne6 27. Rb7
Nf4 28. Bc7 Nd3 29. Bxa5 Nf2+ 30. Kg1 Nxe4+ 31. Kf1 Nd2+ 32. Ke2 Nc4 33. Bb4 c5
{White resigns} 0-1

[Event "Team 45 45 League T88"]
[Site "Internet Chess Club"]
[Date "2021.05.15"]
[Round "6"]
[White "BrianWood"]
[Black "aec7r3b"]
[Result "1-0"]
[WhiteElo "1439"]
[BlackElo "1217"]
[Opening "Grünfeld: Russian variation"]
[ECO "D96"]
[Time "19:32:14"]
[TimeControl "2700+45"]

1. d4 Nf6 2. Nf3 g6 3. c4 Bg7 4. Nc3 d5 5. Qb3 e6 6. Bg5 c6 7. e3 O-O 8. Be2
Nbd7 9. O-O c5 10. cxd5 cxd4 11. Nxd4 Nc5 12. Qa3 b6 13. b4 Nb7 14. dxe6 fxe6
15. Bf3 Qd7 16. Rad1 Nd6 17. Bxa8 Nc4 18. Qb3 Ne5 19. Nc6 Nd3 20. Ne5 Qc7 21.
Nxd3 Ng4 22. g3 Bxc3 23. Rc1 Qb8 24. Qxc3 Qxa8 25. Ne5 Nxe5 26. Qxe5 Qf3 27. Bh6
Qf7 28. Bxf8 Qxf8 29. Rc7 Ba6 30. Rfc1 Be2 31. Rc8 Qxc8 32. Rxc8+ Kf7 33. Rc7+
Ke8 34. Qxe6+ Kd8 35. Qd7# {Black checkmated} 1-0

[Event "Team 45 45 League T88"]
[Site "Internet Chess Club"]
[Date "2021.05.14"]
[Round "6"]
[White "eevee11"]
[Black "trogers41"]
[Result "1/2-1/2"]
[WhiteElo "1192"]
[BlackElo "1279"]
[Opening "Ruy Lopez: closed, Flohr-Zaitsev system (Lenzerheide variation)"]
[ECO "C92"]
[Time "16:45:20"]
[TimeControl "2700+45"]

1. e4 e5 2. Nf3 Nc6 3. Bb5 a6 4. Ba4 Nf6 5. O-O Be7 6. Re1 b5 7. Bb3 O-O 8. c3
d6 9. h3 Bb7 10. d4 h6 11. Nbd2 Re8 12. Nf1 Bf8 13. Ng3 Nb8 14. Bc2 g6 15. d5 c6
16. Bb3 cxd5 17. exd5 Nbd7 18. a4 Nb6 19. Ne4 Nbxd5 20. Nxf6+ Nxf6 21. Be3 d5
22. Qd2 Kh7 23. Rad1 Qd7 24. a5 Ne4 25. Qd3 Nf6 26. Qc2 Rac8 27. Bb6 Qd6 28. Re2
Nd7 29. Be3 {Game drawn by mutual agreement} 1/2-1/2

[Event "Team 45 45 League T88"]
[Site "Internet Chess Club"]
[Date "2021.05.15"]
[Round "6"]
[White "Fulmar"]
[Black "buptwy"]
[Result "0-1"]
[WhiteElo "1185"]
[BlackElo "1126"]
[Opening "Ruy Lopez: Wormald (Alapin) attack"]
[ECO "C77"]
[Time "19:28:33"]
[TimeControl "2700+45"]

1. e4 e5 2. Nf3 Nc6 3. Bb5 a6 4. Ba4 Nf6 5. Qe2 b5 6. Bb3 Bc5 7. c3 d6 8. O-O
O-O 9. Rd1 d5 10. d3 h6 11. h3 Be6 12. Be3 d4 13. Bc1 b4 14. Bc2 a5 15. Ba4 Ne7
16. c4 Ng6 17. Nbd2 Nf4 18. Qf1 N6h5 19. Nb3 Be7 20. Bxf4 Nxf4 21. Nxe5 Qc8 22.
g4 f6 23. f3 fxe5 24. Kh2 Ng6 25. Nd2 Nh4 26. Qh1 Bg5 27. Kg3 Bxd2 28. Rxd2 Nxf3
29. Rf2 Ng5 30. Rxf8+ Qxf8 31. Rf1 Qe7 32. h4 Nh7 33. Bd1 Rf8 34. Bf3 Rf4 35.
Rf2 Qf6 36. Qf1 Qg6 37. Qd1 Nf6 38. Qa4 Bxg4 39. Kh2 Rxf3 40. Qc6 Rxf2+ 41. Kg1
Bd7+ 42. Kxf2 Bxc6 43. Ke1 Ba4 44. Kd2 Qg2+ 45. Kc1 Qc2# {White checkmated} 0-1

[Event "Team 45 45 League T88"]
[Site "Internet Chess Club"]
[Date "2021.05.20"]
[Round "6"]
[White "ascoli"]
[Black "fvafier"]
[Result "0-1"]
[WhiteElo "1633"]
[BlackElo "1531"]
[Opening "English: Neo-Catalan"]
[ECO "A13"]
[Time "11:00:16"]
[TimeControl "2700+45"]

1. Nf3 Nf6 2. c4 d5 3. g3 e6 4. Bg2 c5 5. O-O Be7 6. Nc3 O-O 7. a3 Nc6 8. Rb1 a6
9. d3 Qd7 10. Na4 Qd8 11. Bd2 b5 12. cxb5 axb5 13. Nc3 b4 14. axb4 Nxb4 15. Ra1
Bb7 16. e4 Nxd3 17. exd5 exd5 18. Qb3 Nb4 19. Bg5 Qc7 20. Bf4 Bd6 21. Bg5 Rfe8
22. Bxf6 gxf6 23. Nh4 d4 24. Bxb7 Qxb7 25. Nf5 Bf8 26. Ne4 Qxe4 {White resigns}
0-1

[Event "Team 45 45 League T88"]
[Site "Internet Chess Club"]
[Date "2021.05.15"]
[Round "6"]
[White "dalmata"]
[Black "Constrictor"]
[Result "1/2-1/2"]
[WhiteElo "1553"]
[BlackElo "1534"]
[Opening "QGD Slav defense"]
[ECO "D10"]
[Time "11:03:59"]
[TimeControl "2700+45"]

1. d4 c6 2. c4 d5 3. Nc3 Nf6 4. Bg5 dxc4 5. e3 b5 6. a4 b4 7. Nb1 Nbd7 8. Bxc4
e6 9. Nf3 Be7 10. Nbd2 c5 11. Bb5 O-O 12. O-O Bb7 13. Qe2 Ne4 14. Bxe7 Qxe7 15.
Nxe4 Bxe4 16. Bxd7 Qxd7 17. dxc5 {Game drawn by mutual agreement} 1/2-1/2

[Event "Team 45 45 League T88"]
[Site "Internet Chess Club"]
[Date "2021.05.15"]
[Round "6"]
[White "Gojira"]
[Black "Denis240964"]
[Result "0-1"]
[WhiteElo "1518"]
[BlackElo "1475"]
[Opening "Queen's pawn: Chigorin variation"]
[ECO "D00"]
[Time "08:00:56"]
[TimeControl "2700+45"]

1. d4 d5 2. Nc3 Nf6 3. Bf4 c5 4. e3 cxd4 5. exd4 a6 6. Bd3 e6 7. Nf3 Be7 8. Ne5
O-O 9. Nb1 Qb6 10. b3 Nc6 11. c3 Nxe5 12. dxe5 Ne8 13. Nd2 g6 14. h4 Ng7 15. Nf3
Re8 16. g4 Bd7 17. h5 Rec8 18. hxg6 fxg6 19. c4 Rf8 20. Be3 Bc5 21. Bxc5 Qxc5
22. Qe2 Rf4 23. Ng5 Raf8 24. O-O Qd4 25. Nh3 Rxg4+ 26. Kh2 Rh4 27. Rad1 Qf4+ 28.
Kg2 Rg4+ 29. Kh1 Rh4 30. Kg2 Qh6 31. Qe3 Rg4+ 32. Kh2 Qh4 33. Rg1 Rxg1 34. Rxg1
Nf5 35. Qg5 Qxg5 36. Rxg5 Kg7 37. Nf4 dxc4 38. Bxc4 Nd4 39. Kg3 b5 40. Bd3 Nf5+
41. Kg2 Bc6+ 42. Kh3 Kf7 43. Rg1 Ke7 44. Rc1 Bd7 45. Rc7 Nd4 46. Kg4 Nc6 47. Kg5
Nxe5 48. Be4 h6+ {White resigns} 0-1

[Event "Team 45 45 League T88"]
[Site "Internet Chess Club"]
[Date "2021.05.16"]
[Round "6"]
[White "Megasus"]
[Black "Visin"]
[Result "1/2-1/2"]
[WhiteElo "1428"]
[BlackElo "1250"]
[Opening "Réti opening"]
[ECO "A04"]
[Time "15:00:23"]
[TimeControl "2700+45"]

1. Nf3 d6 2. d4 Nc6 3. e3 Nf6 4. h3 e6 5. Nbd2 d5 6. a3 Bd6 7. b3 e5 8. Bb5 e4
9. Ne5 Bxe5 10. Bxc6+ bxc6 11. dxe5 Nd7 12. Bb2 Ba6 13. c4 Qg5 14. O-O O-O 15.
Re1 Nc5 16. f4 Qh4 17. Bc3 Nd3 18. Rf1 Qg3 19. Qe2 Bc8 20. cxd5 Bxh3 21. Nxe4
Qg6 22. Ng5 Bf5 23. e4 Nxf4 24. Rxf4 Qxg5 25. Rxf5 Qe7 26. dxc6 Qc5+ 27. Kh1
Qxc3 28. Raf1 Qxb3 29. Qg4 Rae8 30. R1f3 Qe6 31. Rg3 g6 32. Qh4 Kg7 33. Rh3 h5
34. Qg3 Kh7 35. Rg5 Qxc6 36. Rgxh5+ gxh5 37. Rxh5+ Qh6 38. Rxh6+ Kxh6 39. Qh4+
Kg7 40. Qg5+ Kh7 41. Qh5+ Kg7 42. Qg5+ Kh7 43. Qh5+ Kg7 44. Qg5+ Kh7 {Game drawn
by repetition} 1/2-1/2

[Event "Team 45 45 League T88"]
[Site "Internet Chess Club"]
[Date "2021.05.17"]
[Round "6"]
[White "Signofthetimes"]
[Black "Portola"]
[Result "0-1"]
[WhiteElo "1616"]
[BlackElo "1712"]
[Opening "French defense"]
[ECO "C00"]
[Time "09:00:32"]
[TimeControl "2700+45"]

1. e4 e6 2. Nf3 d5 3. exd5 exd5 4. d4 Nf6 5. Nc3 Be7 6. Be2 O-O 7. h3 c6 8. Be3
Bf5 9. Qd2 Nbd7 10. O-O-O b5 11. g4 Ne4 12. Nxe4 Bxe4 13. Rhg1 a5 14. Ne5 Nxe5
15. dxe5 b4 16. f3 Bg6 17. Bd3 a4 18. Bxg6 fxg6 19. Rdf1 Qb8 20. f4 b3 21. a3
bxc2 22. Qxc2 Qb5 23. f5 c5 24. g5 d4 25. Bd2 d3 26. Qc3 gxf5 27. g6 h6 28. Rf3
c4 29. Rgf1 Rac8 30. Rxf5 Rxf5 31. Rxf5 Qd5 32. Kb1 Qh1+ 33. Ka2 Qxh3 34. Rf7
Qe6 35. Kb1 Bg5 36. Ra7 Bxd2 37. Qxd2 Qxg6 38. Rxa4 Qe4 39. Qc3 d2+ {White
resigns} 0-1

[Event "Team 45 45 League T88"]
[Site "Internet Chess Club"]
[Date "2021.05.16"]
[Round "6"]
[White "justice02"]
[Black "scostanzo212"]
[Result "1-0"]
[WhiteElo "1681"]
[BlackElo "1518"]
[Opening "Sicilian"]
[ECO "B50"]
[Time "11:00:22"]
[TimeControl "2700+45"]

1. e4 c5 2. Nf3 d6 3. Nc3 Nf6 4. Be2 a6 5. a4 Nc6 6. d3 Bd7 7. O-O g6 8. Re1 Bg7
9. h3 O-O 10. Bf1 Rb8 11. e5 dxe5 12. Nxe5 Nxe5 13. Rxe5 Rc8 14. Bd2 Be6 15. Qf3
Qc7 16. Rae1 Ng4 17. hxg4 Bxe5 18. Kh1 Rfd8 19. b3 Bd6 20. Bh6 Qc6 21. Qe2 Qd7
22. f3 Bg3 23. Rd1 Qc7 24. Be3 Be5 25. Ne4 Bd4 26. Bg5 f6 27. Bd2 Bf7 28. g3 Be5
29. f4 Bd6 30. Bg2 Kg7 31. Qe1 Bd5 32. c4 Bc6 33. Bc3 Qd7 34. Qe2 b6 35. Kg1 Rh8
36. g5 Rhf8 37. d4 Qb7 38. d5 Be8 39. gxf6+ exf6 40. Nxd6 Qd7 41. Nxc8 Qxc8 42.
Re1 Bd7 43. Qe7+ Rf7 44. Bxf6+ Kg8 45. Qd6 Bg4 46. Qxb6 Qf8 47. Bg5 Re7 {Black
resigns} 1-0

[Event "Team 45 45 League T88"]
[Site "Internet Chess Club"]
[Date "2021.05.12"]
[Round "6"]
[White "Kingofknights"]
[Black "rubo"]
[Result "0-1"]
[WhiteElo "1514"]
[BlackElo "1527"]
[Opening "Budapest: Rubinstein variation"]
[ECO "A52"]
[Time "18:01:00"]
[TimeControl "2700+45"]

1. d4 Nf6 2. c4 e5 3. dxe5 Ng4 4. Bf4 Nc6 5. Nf3 Bb4+ 6. Nbd2 Qe7 7. e3 O-O 8.
a3 Bxd2+ 9. Qxd2 Ngxe5 10. Nxe5 Nxe5 11. Be2 d6 12. O-O Be6 13. Rac1 b6 14. b4
a5 15. b5 Rad8 16. Qc3 f6 17. e4 Qf7 18. Bg3 Nd7 19. f4 Nc5 20. Bf3 Rfe8 21. Bf2
Bc8 22. Bxc5 dxc5 23. Rcd1 Be6 24. Be2 Qe7 25. Rxd8 Rxd8 26. Rd1 Rxd1+ 27. Bxd1
Qd6 28. Be2 Qxf4 29. Qd3 Qd6 30. g3 g6 31. Kf2 f5 32. exf5 Bxf5 33. Qxd6 cxd6
34. Ke3 Kf7 35. Kf4 Kf6 36. g4 g5+ 37. Ke3 Be6 38. Ke4 h6 39. h3 Bf7 40. Bf1 Ke6
41. Be2 Bg6+ 42. Ke3 Ke5 43. Bf3 Bb1 44. Be2 Be4 45. Bf1 d5 46. cxd5 Bxd5 47.
Bd3 Bg2 48. Bf5 Bxh3 49. Bc8 h5 {White resigns} 0-1

[Event "Team 45 45 League T88"]
[Site "Internet Chess Club"]
[Date "2021.05.12"]
[Round "6"]
[White "nosir"]
[Black "tightfist"]
[Result "1-0"]
[WhiteElo "1435"]
[BlackElo "1406"]
[Opening "Queen's pawn: London system"]
[ECO "A45"]
[Time "18:00:53"]
[TimeControl "2700+45"]

1. d4 Nf6 2. Bf4 e6 3. Nf3 d5 4. e3 Bd6 5. Ne5 O-O 6. Bd3 c5 7. c3 Nc6 8. Nd2
cxd4 9. exd4 Qc7 10. Ndf3 a6 11. h4 b5 12. h5 Bb7 13. h6 g6 14. Qe2 b4 15. Bg5
Be7 16. Nxc6 Qxc6 17. Qe5 Qd6 18. Bxf6 Qxe5+ 19. Bxe5 f6 20. Bf4 bxc3 21. bxc3
Rfc8 22. Bd2 Bc6 23. Kf1 Ba4 24. Ne1 Rcb8 25. Rb1 Bb5 26. Bxb5 axb5 27. Ra1 Ba3
28. Nd3 Bf8 29. Ke2 Ra4 30. g4 g5 31. f4 Be7 32. fxg5 fxg5 33. Ne5 Rba8 34. Nf3
b4 35. cxb4 Bxb4 36. Bxb4 Rxb4 37. Rhc1 Rb2+ 38. Kf1 Rf8 39. Rc3 Rf4 40. Re1 Kf7
41. Re2 Rb1+ 42. Kg2 Rxg4+ 43. Kh3 Rf4 44. Nxg5+ Kg6 45. Nxe6 Rh1+ 46. Kg3 Rfh4
47. Nf4+ Kxh6 48. Rc6+ Kg7 49. Re7+ Kf8 50. Ra7 Re1 51. Rc8+ Re8 52. Rxe8+ Kxe8
53. Kxh4 Kd8 54. Kg5 Kc8 55. Kf6 Kb8 56. Rxh7 Kc8 57. Ke6 Kb8 58. Kd6 Kc8 59.
Kc6 Kd8 60. Nxd5 Ke8 61. Kd6 {Black resigns} 1-0

[Event "Team 45 45 League T88"]
[Site "Internet Chess Club"]
[Date "2021.05.16"]
[Round "6"]
[White "MacroPawn"]
[Black "primerpaso"]
[Result "0-1"]
[WhiteElo "1831"]
[BlackElo "1844"]
[Opening "English, 1...Nf6 (Anglo-Indian defense)"]
[ECO "A14"]
[Time "10:09:09"]
[TimeControl "2700+45"]

1. c4 Nf6 2. g3 e6 3. Bg2 d5 4. Nf3 Be7 5. b3 O-O 6. Bb2 b6 7. O-O Bb7 8. Ne5 c5
9. d3 Qc7 10. cxd5 Nxd5 11. e4 Nb4 12. a3 N4c6 13. Nxc6 Nxc6 14. Qc2 Rfd8 15. f4
Ba6 16. Rd1 Nd4 17. Bxd4 Rxd4 18. e5 Rad8 19. Bf1 Qd7 20. Nc3 Bxd3 21. Qf2 Bxf1
22. Kxf1 Rd3 23. Qe2 Qd4 24. Rxd3 Qxd3 25. Qxd3 Rxd3 26. Rc1 Rd2 27. Ne2 g5 28.
Rc4 b5 29. Rc3 Ra2 30. fxg5 Rxa3 31. h4 b4 32. Rd3 c4 33. Rd7 Ra1+ 34. Kf2 cxb3
{White resigns} 0-1

[Event "Team 45 45 League T88"]
[Site "Internet Chess Club"]
[Date "2021.05.15"]
[Round "6"]
[White "QuieroAprender"]
[Black "gera-carp75"]
[Result "1-0"]
[WhiteElo "1667"]
[BlackElo "1835"]
[Opening "Queen's pawn: London system"]
[ECO "A45"]
[Time "21:12:49"]
[TimeControl "2700+45"]

1. d4 Nf6 2. Bf4 c5 3. e3 Nd5 4. Bg3 Qb6 5. Qc1 cxd4 6. exd4 Qxd4 7. Nf3 Qb6 8.
c4 Nf6 9. c5 Qb4+ 10. Nbd2 e6 11. a3 Qa5 12. b4 Qd8 13. Nc4 d5 14. cxd6 g6 15.
Bd3 Bg7 16. O-O O-O 17. Qc2 Nbd7 18. Rad1 b6 19. Nce5 Bb7 20. Bb5 Bxf3 21. Nxf3
a6 22. Bxd7 Nxd7 23. Bh4 Bf6 24. Bxf6 Nxf6 25. Ne5 Nd5 26. d7 f6 27. Nxg6 hxg6
28. Qxg6+ Kh8 29. Rd4 {Black resigns} 1-0

[Event "Team 45 45 League T88"]
[Site "Internet Chess Club"]
[Date "2021.05.18"]
[Round "6"]
[White "evan7284"]
[Black "Portola"]
[Result "1-0"]
[WhiteElo "1681"]
[BlackElo "1694"]
[Opening "Queen's pawn, Mason variation"]
[ECO "D00"]
[Time "14:30:11"]
[TimeControl "2700+45"]

1. d4 d5 2. Bf4 Bf5 3. Nc3 c6 4. f3 Nf6 5. g4 Bg6 6. h4 h6 7. e3 e6 8. Bd3 Bxd3
9. Qxd3 Bd6 10. Nge2 Qc7 11. Bxd6 Qxd6 12. e4 dxe4 13. Nxe4 Nxe4 14. fxe4 Nd7
15. O-O-O O-O-O 16. Kb1 Kb8 17. Rhf1 Rhf8 18. Rf2 Qc7 19. Qe3 Ne5 20. Qg3 Nc4
21. Qxc7+ Kxc7 22. Rd3 Nd6 23. e5 Nc8 24. Rdf3 Rd7 25. g5 hxg5 26. hxg5 b5 27.
g6 f6 28. exf6 gxf6 29. Rxf6 Rg8 30. Rxe6 Nd6 31. c3 a5 32. Nf4 Rdg7 33. Rg2 Rh8
34. Nd3 Nc4 35. b3 Nd6 36. Ne5 Rf8 37. Kc2 Rf1 38. c4 bxc4 39. bxc4 Ra1 40. Kb2
Rf1 41. c5 Nc8 42. Rxc6+ Kb8 43. d5 Rb7+ 44. Kc3 Rc1+ 45. Rc2 Rg1 46. d6 Rg3+
47. Kd4 Rb4+ 48. Kd5 Rg5 49. Rb6+ Nxb6+ 50. cxb6 Rxb6 51. Ke6 Rb5 52. Nd7+ Kb7
53. Kf7 Rbd5 54. Rc7+ Ka6 55. Rc6+ Kb7 56. Rc7+ Ka6 57. g7 Rgf5+ 58. Nf6 Rxd6
59. g8=Q Rfxf6+ 60. Ke7 {Black resigns} 1-0

[Event "Team 45 45 League T88"]
[Site "Internet Chess Club"]
[Date "2021.05.15"]
[Round "6"]
[White "fhunfi"]
[Black "Packerfan"]
[Result "1-0"]
[WhiteElo "1732"]
[BlackElo "1821"]
[Opening "Ruy Lopez: Schliemann defense"]
[ECO "C63"]
[Time "10:01:31"]
[TimeControl "2700+45"]

1. e4 e5 2. Nf3 Nc6 3. Bb5 f5 4. d3 fxe4 5. dxe4 Nf6 6. Qd3 Bc5 7. Nc3 d6 8. Qc4
a6 9. Bxc6+ bxc6 10. Nxe5 Bxf2+ 11. Kxf2 dxe5 12. Qxc6+ Bd7 13. Qc5 Nxe4+ 14.
Nxe4 Qh4+ 15. Ng3 Rf8+ 16. Ke1 Bb5 17. Qxe5+ Kd7 18. Qd5+ Ke7 19. Bg5+ {Black
resigns} 1-0

[Event "Team 45 45 League T88"]
[Site "Internet Chess Club"]
[Date "2021.05.15"]
[Round "6"]
[White "DeepPoo"]
[Black "walkover"]
[Result "1-0"]
[WhiteElo "1754"]
[BlackElo "1712"]
[Opening "Trompowsky attack (Ruth, Opocenský opening)"]
[ECO "A45"]
[Time "11:08:39"]
[TimeControl "2700+45"]

1. d4 Nf6 2. Bg5 d5 3. e3 c5 4. Bxf6 gxf6 5. dxc5 e6 6. c4 dxc4 7. Qxd8+ Kxd8 8.
Nc3 Bxc5 9. Bxc4 Nc6 10. Nf3 Ke7 11. O-O a6 12. Rac1 Ba7 13. Rfd1 b5 14. Bd3 Bb7
15. Be4 Rac8 16. g3 h5 17. Rd2 b4 18. Ne2 f5 19. Bxc6 Bxc6 20. Ne5 Bd5 21. Rdc2
Rxc2 22. Rxc2 Bb8 23. Nc6+ Bxc6 24. Rxc6 Be5 25. b3 a5 26. Rc5 Kf6 27. Rxa5 Rd8
28. h4 Rd2 29. Nf4 Bxf4 30. exf4 Ke7 31. Ra7+ Kf6 32. Kg2 Rd4 33. Kf3 Re4 34.
Rc7 Re1 35. Rc2 Ra1 36. Ke3 {Black forfeits on time} 1-0

[Event "Team 45 45 League T88"]
[Site "Internet Chess Club"]
[Date "2021.05.17"]
[Round "6"]
[White "tacticaltal"]
[Black "Boxermam"]
[Result "1/2-1/2"]
[WhiteElo "1619"]
[BlackElo "1733"]
[Opening "Bogo-Indian defense"]
[ECO "E11"]
[Time "12:00:16"]
[TimeControl "2700+45"]

1. d4 e6 2. c4 Nf6 3. Nf3 Bb4+ 4. Bd2 c5 5. Bxb4 cxb4 6. e3 O-O 7. Bd3 d5 8. O-O
b6 9. Nbd2 Bb7 10. Qe2 Nbd7 11. Rac1 Rc8 12. Rfd1 Qe7 13. cxd5 exd5 14. Ba6 Nb8
15. Bd3 Nbd7 16. h3 g6 17. Ba6 Nb8 18. Bxb7 Qxb7 19. Qb5 a5 20. Nb3 Qa6 21. Qxa6
{Game drawn by mutual agreement} 1/2-1/2

[Event "Team 45 45 League T88"]
[Site "Internet Chess Club"]
[Date "2021.05.23"]
[Round "6"]
[White "cayo89"]
[Black "gduranko"]
[Result "0-1"]
[WhiteElo "1502"]
[BlackElo "1485"]
[Opening "Queen's pawn: London system"]
[ECO "A45"]
[Time "11:00:15"]
[TimeControl "2700+45"]

1. d4 Nf6 2. Bf4 c5 3. d5 Qb6 4. b3 Qb4+ 5. Bd2 Qd4 6. Nc3 Nxd5 7. Nf3 Nxc3 8.
Nxd4 Nxd1 9. Nb5 Nxf2 10. Kxf2 Kd8 11. e4 Nc6 12. Bc4 e6 13. Bf4 e5 14. Be3 Nd4
15. Bxd4 cxd4 16. Bxf7 a6 {White resigns} 0-1

[Event "Team 45 45 League T88"]
[Site "Internet Chess Club"]
[Date "2021.05.14"]
[Round "6"]
[White "clarinetref"]
[Black "dabodhi"]
[Result "0-1"]
[WhiteElo "1490"]
[BlackElo "1598"]
[Opening "Réti opening"]
[ECO "A13"]
[Time "20:05:15"]
[TimeControl "2700+45"]

1. Nf3 e6 2. c4 f5 3. g3 Nf6 4. Bg2 g6 5. b3 Bg7 6. Bb2 d6 7. d4 O-O 8. Nbd2 Nc6
9. O-O h6 10. a3 Rb8 11. Qc2 g5 12. e4 fxe4 13. Nxe4 Nxe4 14. Qxe4 Ne7 15. Rab1
Nf5 16. g4 Ne7 17. Rfe1 Rf4 18. Qe3 Rxg4 19. d5 e5 20. Qxa7 Bf5 21. h3 Rxg2+ 22.
Kxg2 Bxb1 23. Rxb1 Ng6 24. Bc1 b6 25. Qa4 Qc8 26. b4 Qf5 27. Qb3 Rf8 28. Bd2
Qxf3+ 29. Qxf3 Nh4+ 30. Kf1 Rxf3 31. Be3 Nf5 32. Kg2 Nh4+ 33. Kh2 e4 34. c5 Be5+
35. Kg1 Rxh3 36. cxb6 cxb6 37. Rc1 Nf3+ 38. Kg2 Rh2+ 39. Kf1 Rh1+ 40. Ke2 Rxc1
41. Bxc1 b5 42. Be3 Bf4 43. Bb6 Bc1 44. Bc7 Bf4 45. Kd1 Kf7 46. Kc2 Ke7 47. a4
bxa4 48. b5 Nd4+ 49. Kb2 Nxb5 50. Bb6 {White resigns} 0-1

[Event "Team 45 45 League T88"]
[Site "Internet Chess Club"]
[Date "2021.05.17"]
[Round "6"]
[White "GoIrish"]
[Black "sdcohle"]
[Result "1-0"]
[WhiteElo "1502"]
[BlackElo "1309"]
[Opening "Queen's pawn game"]
[ECO "D02"]
[Time "17:30:21"]
[TimeControl "2700+45"]

1. d4 d5 2. Nf3 e6 3. g3 b6 4. Bg2 Bb7 5. O-O Nf6 6. b3 c5 7. c4 dxc4 8. dxc5
Qxd1 9. Rxd1 Bxc5 10. bxc4 O-O 11. Ba3 Na6 12. Bxc5 Nxc5 13. Nc3 Rfd8 14. Nb5 a6
15. Nd6 Bc6 16. Nxf7 Rxd1+ 17. Rxd1 Bxf3 18. Bxf3 Rb8 19. Ne5 Kf8 20. Nc6 Rc8
21. Rb1 Ncd7 22. e3 e5 23. Bd5 Nxd5 24. cxd5 Ke8 25. e4 Rc7 26. f4 exf4 27. gxf4
Rb7 28. Ne5 Nf6 29. Rb4 Ke7 30. Nc6+ Kd7 31. Rd4 Rc7 32. Nb8+ Kc8 33. Nxa6 Rc1+
34. Kf2 Rc2+ 35. Ke3 Rxa2 36. Rc4+ Kb7 37. Nb4 Rxh2 38. Nd3 Rh3+ 39. Kd4 Nd7 40.
e5 g6 41. d6 Rh5 42. Rc7+ Kb8 43. Rxd7 g5 44. fxg5 Rxg5 45. Rxh7 b5 46. Rh8+ Kb7
47. Nc5+ Kc6 48. Rc8+ Kb6 49. d7 Rg4+ 50. Kd5 Rc4 51. d8=Q+ Ka7 52. Ra8# {Black
checkmated} 1-0

[Event "Team 45 45 League T88"]
[Site "Internet Chess Club"]
[Date "2021.05.16"]
[Round "6"]
[White "gregorgg"]
[Black "arconia"]
[Result "1-0"]
[WhiteElo "1408"]
[BlackElo "1171"]
[Opening "Sicilian: Taimanov variation"]
[ECO "B46"]
[Time "15:01:40"]
[TimeControl "2700+45"]

1. e4 c5 2. Nf3 Nc6 3. d4 cxd4 4. Nxd4 e6 5. Nc3 a6 6. Be2 Nf6 7. g4 d5 8. exd5
exd5 9. g5 Ne4 10. Nxe4 dxe4 11. Nxc6 bxc6 12. Qxd8+ Kxd8 13. Be3 Rb8 14. O-O-O+
Ke8 15. Rd4 Be6 16. Rxe4 a5 17. f4 g6 18. a3 Bg7 19. c3 Kd7 20. Rd1+ Kc7 21. Bc4
Rb7 22. Bxe6 fxe6 23. Rxe6 Kb8 24. Rxc6 Ka8 25. Ra6+ Kb8 26. Rxa5 Re8 27. Rd3
Rbe7 28. Kd2 h6 29. gxh6 Bxh6 30. Rad5 Bxf4 31. Bxf4+ {Black resigns} 1-0

[Event "Team 45 45 League T88"]
[Site "Internet Chess Club"]
[Date "2021.05.14"]
[Round "6"]
[White "DaveTheRook"]
[Black "olivermx"]
[Result "1-0"]
[WhiteElo "1454"]
[BlackElo "1232"]
[Opening "QGA, 4.Nc3"]
[ECO "D24"]
[Time "19:02:23"]
[TimeControl "2700+45"]

1. Nf3 Nf6 2. d4 d5 3. c4 dxc4 4. Nc3 e6 5. e3 c5 6. Bxc4 b6 7. O-O Bb7 8. Qe2
a6 9. a4 Nbd7 10. Rd1 Qc7 11. h3 Be7 12. d5 exd5 13. Nxd5 Nxd5 14. Bxd5 Bxd5 15.
Rxd5 O-O 16. b3 Nf6 17. Rd1 Ne4 18. Qc4 Bf6 19. Ra3 Nd6 20. Qc2 Rad8 21. Bb2 Nc4
22. Rxd8 Nxa3 23. Rxf8+ {Black resigns} 1-0

[Event "Team 45 45 League T88"]
[Site "Internet Chess Club"]
[Date "2021.05.16"]
[Round "6"]
[White "goldeen7"]
[Black "seattleblues"]
[Result "1-0"]
[WhiteElo "1349"]
[BlackElo "1297"]
[Opening "Caro-Kann: classical variation"]
[ECO "B18"]
[Time "06:01:11"]
[TimeControl "2700+45"]

1. e4 c6 2. d4 d5 3. Nd2 dxe4 4. Nxe4 Bf5 5. Ng3 Bg6 6. Bc4 e6 7. N1e2 Nf6 8.
O-O Nbd7 9. f4 Bd6 10. f5 exf5 11. Nxf5 Bc7 12. Neg3 O-O 13. Bg5 h6 14. Bh4 Bh7
15. Nxh6+ gxh6 16. Nh5 Bg6 17. Nxf6+ Kg7 18. Nh5+ Bxh5 19. Qxh5 f6 20. Qg4+ Kh7
21. Rae1 Nb6 22. Rxf6 Rxf6 23. Bd3+ Kh8 24. Re8+ Rf8 25. Bxd8 Rxd8 26. Qg6 Bxh2+
{Black resigns} 1-0

[Event "Team 45 45 League T88"]
[Site "Internet Chess Club"]
[Date "2021.05.16"]
[Round "6"]
[White "SeniorCitizen"]
[Black "Conjurer"]
[Result "1/2-1/2"]
[WhiteElo "1234"]
[BlackElo "1326"]
[Opening "Sicilian defense"]
[ECO "B33"]
[Time "13:03:35"]
[TimeControl "2700+45"]

1. e4 c5 2. Nf3 Nc6 3. d4 cxd4 4. Nxd4 Nf6 5. Nc3 e6 6. Be2 Bc5 7. Nb3 b6 8.
Nxc5 bxc5 9. O-O O-O 10. Bf4 a6 11. Na4 d6 12. Bxd6 Re8 13. Nxc5 Qb6 14. e5 Nxe5
15. Bxe5 Qxc5 16. Bxf6 gxf6 17. Bd3 f5 18. Re1 Bb7 19. Qh5 Qe7 20. Bxf5 Qf6 21.
Qg4+ Qg7 22. Qxg7+ Kxg7 23. Bd3 Rac8 24. Rac1 a5 25. f3 Bd5 26. a4 f5 27. Kf2
Kf6 28. b3 Rc3 29. Ke3 e5 30. Kd2 Rc5 31. Rb1 e4 32. fxe4 fxe4 33. Bxe4 Bxe4
{Game drawn by mutual agreement} 1/2-1/2